MWL (24 & UNDER)
PLUMSTEAD EAGLES @ CINCINNATI PRIDE
09/15/2023
 
TOP OF THE 1ST
Plumstead Eagles batting - Pitching for Cincinnati Pride : LHP Weston Harper
Pitching: LHP Weston Harper
Batting: RHB Tim Gardner 0-0: Ball
1-0: Swinging Strike
1-1: Ball
2-1: Ball
3-1: Base on Balls
Batting: RHB José Moreno Pickoff Throw to First - Out!
0-0: Ball
1-0: Ball
2-0: Fly out, F9 (Flyball, 89S)
Batting: LHB Eduardo Rodríguez 0-0: Ball
1-0: Ball
2-0: Ball
3-0: Base on Balls
Batting: RHB Germano Labrego 0-0: Called Strike
0-1: DOUBLE (Line Drive, 8LXD)
Eduardo Rodríguez to third
Runner from 3rd tries for Home, SAFE, no throw or cutoff
Batting: SHB Nate Rhodes 0-0: Ball
1-0: Ball
2-0: Foul Ball, location: 2F
2-1: Called Strike
2-2: Ball
3-2: Ground out 5-3 (Groundball, 5)
Top of the 1st over - 1 run(s), 1 hit(s), 0 error(s), 1 left on base; Plumstead 1 - Cincinnati 0
BOTTOM OF THE 1ST
Cincinnati Pride batting - Pitching for Plumstead Eagles : RHP Luis Silva
Pitching: RHP Luis Silva
Batting: RHB Roberto Chávez 0-0: Foul Ball, location: 2F
0-1: Swinging Strike
0-2: Hit by Pitch
Batting: RHB Leonardo Pinto 0-0: Called Strike
Roberto Chávez steals 2nd base
0-1: Ball
1-1: Called Strike
1-2: Foul Ball, location: 2F
1-2: Strikes out swinging
Batting: RHB Michael Skinner 0-0: SINGLE (Line Drive, 56)
Roberto Chávez to third
Runner from 3rd tries for Home, SAFE, no throw or cutoff
Batting: SHB Nick Marshall 0-0: Called Strike
0-1: Fielders Choice at 2nd, 6-4 (Groundball, 6)
Batting: LHB Ricardo Brandariz 0-0: Ball
Pickoff Throw to First - Out!
Bottom of the 1st over - 1 run(s), 1 hit(s), 0 error(s), 0 left on base; Plumstead 1 - Cincinnati 1
TOP OF THE 2ND
Plumstead Eagles batting - Pitching for Cincinnati Pride : LHP Weston Harper
Batting: RHB Norogumi Tanaka 0-0: Ball
1-0: Called Strike
1-1: Swinging Strike
1-2: Ball
2-2: Ball
3-2: Foul Ball, location: 2F
3-2: Fly out, F8 (Popup, 4MD)
Batting: RHB Ron King 0-0: Ball
1-0: Ball
2-0: Foul Ball, location: 2F
2-1: Foul Ball, location: 2F
2-2: Hit by Pitch
Batting: RHB J.J. Leslie 0-0: Called Strike
0-1: Ball
1-1: Ball
2-1: Swinging Strike
2-2: Strikes out looking
Batting: RHB Louis Smith 0-0: Called Strike
0-1: Ball
1-1: Foul Ball, location: 2F
1-2: Ball
Wild Pitch!
Ron King to second
2-2: Strikes out swinging
Top of the 2nd over - 0 run(s), 0 hit(s), 0 error(s), 1 left on base; Plumstead 1 - Cincinnati 1
BOTTOM OF THE 2ND
Cincinnati Pride batting - Pitching for Plumstead Eagles : RHP Luis Silva
Batting: LHB Ricardo Brandariz 0-0: Ball
1-0: Called Strike
1-1: Ground out 6-3 (Groundball, 6)
Batting: RHB Jonas Uttley 0-0: Ground out 6-3 (Groundball, 6)
Batting: RHB Gabriel Villegas 0-0: Called Strike
0-1: Ground out 4-3 (Groundball, 13)
Bottom of the 2nd over - 0 run(s), 0 hit(s), 0 error(s), 0 left on base; Plumstead 1 - Cincinnati 1
TOP OF THE 3RD
Plumstead Eagles batting - Pitching for Cincinnati Pride : LHP Weston Harper
Batting: RHB Tim Gardner 0-0: Called Strike
0-1: Ball
1-1: Ball
2-1: DOUBLE (Line Drive, 5D)
Batting: RHB José Moreno 0-0: Ground out 4-3 (Groundball, 4)
Tim Gardner to third
Batting: LHB Eduardo Rodríguez 0-0: Foul Ball, location: 2F
0-1: Called Strike
0-2: Ball
1-2: Ball
2-2: Foul Ball, location: 2F
2-2: Strikes out swinging
Batting: RHB Germano Labrego 0-0: Swinging Strike
0-1: Ball
1-1: 2-RUN HOME RUN (Flyball, 78XD), Distance : 429 ft
Batting: SHB Nate Rhodes 0-0: Ball
1-0: Foul Ball, location: 2F
1-1: Foul Ball, location: 2F
1-2: Foul Ball, location: 2F
1-2: Ball
2-2: Ball
3-2: Base on Balls
Batting: RHB Norogumi Tanaka 0-0: Ball
1-0: Foul Ball, location: 2F
1-1: Ball
2-1: Swinging Strike
2-2: Strikes out swinging
Top of the 3rd over - 2 run(s), 2 hit(s), 0 error(s), 1 left on base; Plumstead 3 - Cincinnati 1
BOTTOM OF THE 3RD
Cincinnati Pride batting - Pitching for Plumstead Eagles : RHP Luis Silva
Batting: RHB Larry Booth 0-0: Called Strike
0-1: Ball
1-1: Called Strike
1-2: Ground out U3 (Groundball, 3)
Batting: RHB Wilson Flores 0-0: Called Strike
0-1: Foul Ball, location: 2F
0-2: Ground out 5-3 (Groundball, 5D)
Batting: RHB Roberto Chávez 0-0: Ball
1-0: Called Strike
1-1: Called Strike
1-2: SOLO HOME RUN (Flyball, 7D), Distance : 393 ft
Batting: RHB Leonardo Pinto 0-0: Ball
1-0: Called Strike
1-1: Called Strike
1-2: Strikes out swinging
Bottom of the 3rd over - 1 run(s), 1 hit(s), 0 error(s), 0 left on base; Plumstead 3 - Cincinnati 2
TOP OF THE 4TH
Plumstead Eagles batting - Pitching for Cincinnati Pride : LHP Weston Harper
Batting: RHB Ron King 0-0: Foul Ball, location: 2F
0-1: Foul Ball, location: 2F
0-2: Strikes out swinging
Batting: RHB J.J. Leslie 0-0: Ground out 5-3 (Groundball, 5S)
Batting: RHB Louis Smith 0-0: Ball
1-0: Ball
2-0: DOUBLE (Line Drive, 7LS)
Batting: RHB Tim Gardner 0-0: Swinging Strike
0-1: Foul Ball, location: 2F
0-2: Ball
1-2: Foul Ball, location: 2F
1-2: DOUBLE (Groundball, 5L)
Louis Smith scores
Batting: RHB José Moreno 0-0: Ground out 4-3 (Groundball, 4)
Top of the 4th over - 1 run(s), 2 hit(s), 0 error(s), 1 left on base; Plumstead 4 - Cincinnati 2
BOTTOM OF THE 4TH
Cincinnati Pride batting - Pitching for Plumstead Eagles : RHP Luis Silva
Batting: RHB Michael Skinner 0-0: Ground out 5-3 (Groundball, 56)
Batting: SHB Nick Marshall 0-0: Called Strike
0-1: TRIPLE (Flyball, 9LM)
Batting: LHB Ricardo Brandariz 0-0: Ball
1-0: Swinging Strike
1-1: Fly out, F7 (Flyball, 7M)
Runner from 3rd tags up, SCORES, no throw
Batting: RHB Jonas Uttley 0-0: Called Strike
0-1: Fly out, F8 (Flyball, 8RS)
Bottom of the 4th over - 1 run(s), 1 hit(s), 0 error(s), 0 left on base; Plumstead 4 - Cincinnati 3
TOP OF THE 5TH
Plumstead Eagles batting - Pitching for Cincinnati Pride : LHP Weston Harper
Batting: LHB Eduardo Rodríguez 0-0: Called Strike
0-1: Foul Ball, location: 2F
0-2: Ball
1-2: Ball
2-2: Foul Ball, location: 2F
2-2: Foul Ball, location: 2F
2-2: Foul Ball, location: 2F
2-2: Strikes out swinging
Pitching: RHP Tomás Pagán
Batting: RHB Germano Labrego 0-0: Swinging Strike
0-1: Swinging Strike
0-2: Ball
1-2: Strikes out looking
Batting: SHB Nate Rhodes 0-0: Ball
1-0: Ball
2-0: Ball
3-0: Called Strike
3-1: Ground out 4-3 (Groundball, 4)
Top of the 5th over - 0 run(s), 0 hit(s), 0 error(s), 0 left on base; Plumstead 4 - Cincinnati 3
BOTTOM OF THE 5TH
Cincinnati Pride batting - Pitching for Plumstead Eagles : RHP Luis Silva
Batting: RHB Gabriel Villegas 0-0: Swinging Strike
0-1: Called Strike
0-2: Ball
1-2: Fly out, F8 (Flyball, 8LD)
Batting: RHB Larry Booth 0-0: Ball
1-0: SINGLE (Groundball, 6MD)
Batting: RHB Wilson Flores 0-0: Ball
1-0: Foul Ball, location: 2F
1-1: Ball
2-1: Swinging Strike
2-2: Fly out, F6 (Line Drive, 6)
Batting: RHB Roberto Chávez 0-0: Ball
1-0: Swinging Strike
1-1: Ball
2-1: Swinging Strike
2-2: Strikes out looking
Bottom of the 5th over - 0 run(s), 1 hit(s), 0 error(s), 1 left on base; Plumstead 4 - Cincinnati 3
TOP OF THE 6TH
Plumstead Eagles batting - Pitching for Cincinnati Pride : RHP Tomás Pagán
Batting: RHB Norogumi Tanaka 0-0: Ball
1-0: Ground out 6-3 (Groundball, 6M)
Batting: RHB Ron King 0-0: Ball
1-0: Foul Ball, location: 2F
1-1: Foul Ball, location: 2F
1-2: Fly out, F9 (Flyball, 89M)
Batting: RHB J.J. Leslie 0-0: Ball
1-0: Ball
2-0: Fly out, F9 (Flyball, 9D)
Top of the 6th over - 0 run(s), 0 hit(s), 0 error(s), 0 left on base; Plumstead 4 - Cincinnati 3
BOTTOM OF THE 6TH
Cincinnati Pride batting - Pitching for Plumstead Eagles : RHP Luis Silva
Batting: RHB Leonardo Pinto 0-0: Foul Ball, location: 2F
0-1: Swinging Strike
0-2: SINGLE (Groundball, 6)
Batting: RHB Michael Skinner 0-0: Ball
1-0: Ball
2-0: Ball
3-0: Swinging Strike
3-1: Called Strike
3-2: Strikes out swinging
Leonardo Pinto is caught stealing 2nd base
Batter strikes out.
Batting: SHB Nick Marshall 0-0: Ball
1-0: Ball
2-0: Called Strike
2-1: Foul Ball, location: 2F
2-2: Ground out U3 (Groundball, 3S)
Bottom of the 6th over - 0 run(s), 1 hit(s), 0 error(s), 0 left on base; Plumstead 4 - Cincinnati 3
TOP OF THE 7TH
Plumstead Eagles batting - Pitching for Cincinnati Pride : RHP Tomás Pagán
Batting: RHB Louis Smith 0-0: Ball
1-0: Called Strike
1-1: SINGLE (Line Drive, 78S)
Batting: RHB Tim Gardner 0-0: Sac Bunt - play at second, runner OUT! 5-6
Pitching: RHP Fernando Silva
Pinch Hitting: RHB David Moran 0-0: Called Strike
0-1: Ball
1-1: Ball
2-1: Foul Ball, location: 2F
2-2: Ball
3-2: Foul Ball, location: 2F
3-2: SINGLE (Groundball, 56)
Tim Gardner to second
Batting: LHB Eduardo Rodríguez 0-0: Called Strike
0-1: Ball
1-1: Foul Ball, location: 2F
1-2: Strikes out looking
Batting: RHB Germano Labrego 0-0: Ball
1-0: Ball
2-0: Ball
3-0: Called Strike
3-1: Base on Balls
Tim Gardner to third
David Moran to second
Batting: SHB Nate Rhodes 0-0: Ball
1-0: Ball
2-0: Foul Ball, location: 2F
2-1: Foul Ball, location: 2F
2-2: Ball
3-2: TRIPLE (Groundball, 3L)
Tim Gardner scores
David Moran scores
Germano Labrego scores
Batting: RHB Norogumi Tanaka 0-0: 2-RUN HOME RUN (Flyball, 7D), Distance : 387 ft
Batting: RHB Ron King 0-0: Ball
1-0: Called Strike
1-1: Ball
2-1: Swinging Strike
2-2: Ball
3-2: Foul Ball, location: 2F
3-2: Base on Balls
Pitching: RHP Russ Brown
Batting: RHB J.J. Leslie 0-0: Ball
1-0: Ball
2-0: Ball
3-0: Fly out, F7 (Line Drive, 7LM)
Top of the 7th over - 5 run(s), 4 hit(s), 0 error(s), 1 left on base; Plumstead 9 - Cincinnati 3
BOTTOM OF THE 7TH
Cincinnati Pride batting - Pitching for Plumstead Eagles : RHP Luis Silva
Now at SS: Pablo Villarreal
Batting: LHB Ricardo Brandariz 0-0: Called Strike
0-1: Swinging Strike
0-2: Ball
1-2: Foul Ball, location: 2F
1-2: Foul Ball, location: 2F
1-2: Ground out 6-3 (Groundball, 6M)
Batting: RHB Jonas Uttley 0-0: Ground out 6-3 (Groundball, 6M)
Batting: RHB Gabriel Villegas 0-0: Called Strike
0-1: Foul Ball, location: 2F
0-2: DOUBLE (Line Drive, 8LS)
Batting: RHB Larry Booth 0-0: Foul Ball, location: 2F
0-1: Fly out, F8 (Flyball, 8LS)
Bottom of the 7th over - 0 run(s), 1 hit(s), 0 error(s), 1 left on base; Plumstead 9 - Cincinnati 3
TOP OF THE 8TH
Plumstead Eagles batting - Pitching for Cincinnati Pride : RHP Russ Brown
Batting: RHB Louis Smith 0-0: Called Strike
0-1: Ball
1-1: Ball
2-1: Called Strike
2-2: Ball
3-2: Foul Ball, location: 2F
3-2: Reached on Error, E8 (Flyball, 8RS)
Batting: RHB Tim Gardner 0-0: Sac Bunt - play at first, batter OUT! 1-3
Louis Smith to second
Batting: RHB Pablo Villarreal 0-0: Fly out, F3 (Popup, 34S)
Batting: LHB Eduardo Rodríguez 0-0: Fly out, F5 (Popup, 5SF)
Top of the 8th over - 0 run(s), 0 hit(s), 1 error(s), 1 left on base; Plumstead 9 - Cincinnati 3
BOTTOM OF THE 8TH
Cincinnati Pride batting - Pitching for Plumstead Eagles : RHP Luis Silva
Batting: RHB Wilson Flores 0-0: Swinging Strike
0-1: Ball
1-1: Foul Ball, location: 2F
1-2: Ball
2-2: Strikes out swinging
Pitching: LHP Pat Bruce
Batting: RHB Roberto Chávez 0-0: Ground out 6-3 (Groundball, 6)
Batting: RHB Leonardo Pinto 0-0: SINGLE (Groundball, 5D)
Batting: RHB Michael Skinner 0-0: Called Strike
0-1: Ball
1-1: Ball
2-1: Ball
3-1: Base on Balls
Leonardo Pinto to second
Batting: SHB Nick Marshall 0-0: Ball
1-0: Called Strike
1-1: Called Strike
1-2: Foul Ball, location: 2F
1-2: Ball
2-2: Fielders Choice at 2nd, 6-4 (Groundball, 6)
Bottom of the 8th over - 0 run(s), 1 hit(s), 0 error(s), 1 left on base; Plumstead 9 - Cincinnati 3
TOP OF THE 9TH
Plumstead Eagles batting - Pitching for Cincinnati Pride : RHP Russ Brown
Batting: RHB Germano Labrego 0-0: Ball
1-0: Ball
2-0: Ball
3-0: Called Strike
3-1: Base on Balls
Batting: SHB Nate Rhodes 0-0: Ball
1-0: Ball
2-0: Ball
3-0: Called Strike
3-1: Swinging Strike
3-2: Strikes out looking
Batting: RHB Norogumi Tanaka 0-0: Called Strike
0-1: Called Strike
Germano Labrego is caught stealing 2nd base
0-2: Foul Ball, location: 2F
0-2: Ball
1-2: Strikes out swinging
Top of the 9th over - 0 run(s), 0 hit(s), 0 error(s), 0 left on base; Plumstead 9 - Cincinnati 3
BOTTOM OF THE 9TH
Cincinnati Pride batting - Pitching for Plumstead Eagles : LHP Pat Bruce
Batting: LHB Ricardo Brandariz 0-0: Foul Ball, location: 2F
0-1: Ball
1-1: Called Strike
1-2: Strikes out swinging
Batting: RHB Jonas Uttley 0-0: Ground out 5-3 (Groundball, 56)
Batting: RHB Gabriel Villegas 0-0: Swinging Strike
0-1: SINGLE (Line Drive, 78S)
Batting: RHB Larry Booth 0-0: Called Strike
0-1: Foul Ball, location: 2F
0-2: Strikes out swinging
Bottom of the 9th over - 0 run(s), 1 hit(s), 0 error(s), 1 left on base; Plumstead 9 - Cincinnati 3
This league is powered by Out of the Park Baseball, the baseball management simulation game for PC, Mac and Linux
Wednesday, December 2nd, 2015 - OOTP Baseball 16.8 Build 38